 Dungeon Crawl Stone Soup version 0.23-b1-75-g379dba2534 (webtiles) character file.

Game seed: 12549100326120675390

164 vladulenta the Chopper (level 5, 0/48 HPs)
             Began as a Hill Orc Monk on Feb 6, 2019.
             Slain by an orc
             ... wielding a +0 flail
              (5 damage)
             ... on level 3 of the Dungeon.
             The game lasted 00:06:52 (2929 turns).

vladulenta the Chopper (Hill Orc Monk)              Turns: 2929, Time: 00:06:52

Health: 0/48       AC:  6    Str: 15    XL:     5   Next: 45%
Magic:  5/5        EV: 12    Int: 10    God:
Gold:   126        SH:  0    Dex: 13    Spells: 4/4 levels left

rFire    x . .     SeeInvis .   a - +0 hand axe
rCold    + . .     Gourm    .   (no shield)
rNeg     . . .     Faith    .   j - +0 leather armour
rPois    .         Spirit   .   g - +1 helmet
rElec    .         Reflect  .   (no cloak)
rCorr    .         Harm     .   q - +0 pair of gloves
MR       .....                  (no boots)
Stlth    ++........             (no amulet)
HPRegen  0.16/turn              l - ring of ice
MPRegen  0.09/turn              (no ring)

@: no status effects
A: no striking features
a: no special abilities


You were on level 3 of the Dungeon.
You were very hungry.

You visited 1 branch of the dungeon, and saw 3 of its levels.

You collected 126 gold pieces.

Inventory:

Hand Weapons
 a - a +0 hand axe (weapon)
Armour
 b - a +0 robe
 g - a +1 helmet (worn)
 j - a +0 leather armour (worn)
 q - a +0 pair of gloves (worn)
Jewellery
 l - a ring of ice (left hand)
 r - an uncursed ring of fire {unknown}
Scrolls
 d - a scroll of remove curse {unknown}
 f - 2 scrolls of identify {unknown}
 h - a scroll of blinking {unknown}
 m - a scroll of teleportation {unknown}
 s - a scroll of enchant weapon {unknown}
Potions
 e - a potion of might {unknown}
 i - 2 potions of lignification {unknown}
 k - a potion of brilliance {unknown}
 n - 2 potions of curing {unknown}
 o - a potion of resistance {unknown}
 p - a potion of degeneration {unknown}
Comestibles
 c - 5 rations


   Skills:
 + Level 5.0 Fighting
 + Level 5.5 Axes
 + Level 2.2 Armour
 - Level 2.7 Dodging
 - Level 2.0 Stealth


You had 4 spell levels left.
You didn't know any spells.
Your spell library was empty.

Dungeon Overview and Level Annotations

Branches:
Dungeon (3/15)

Altars:
Gozag
Qazlal
Wu Jian
The Shining One


Message History

You hit the orc.
You kill the orc!
You hit the dart slug.
The dart slug is moderately wounded.
You hit the dart slug.
The dart slug is severely wounded.
The dart slug launches a dart at you. The slug dart hits you.
You hit the dart slug.
You kill the dart slug!
You closely miss the orc. The orc hits you with a +0 flail.
* * * LOW HITPOINT WARNING * * *
You hit the orc.
The orc is severely wounded.
The orc hits you with a +0 flail!
* * * LOW HITPOINT WARNING * * *
You closely miss the orc.
The orc is severely wounded.
The orc hits you with a +0 flail.
You die...

.<# #.#
..########.#######
........>........#
..########.#####.#
#.#
#.#####.#####.#
#.#
#......#......#
#.#
#.#####.#######
#.## #.# #.# ...#
#.# #@# ##.# #.#
#o# #.# #.. #.#
.... #.# #....
##.# #.#... #..#
#...... #.##
######.#
#.########


You could see an orc.

Vanquished Creatures
  Terence (D:2)
  An orc wizard (D:3)
  5 worms
  3 dart slugs
  6 leopard geckos
  6 orcs (D:3)
  5 giant cockroaches
  5 goblins
  8 hobgoblins
  9 jackals
  9 bats
  4 frilled lizards
  10 kobolds
  6 rats
78 creatures vanquished.

Notes
Turn   | Place    | Note
-------+----------+-------------------------------------------
     0 | D:1      | vladulenta the Hill Orc Monk began the quest for the Orb.
     0 | D:1      | Reached XP level 1. HP: 19/19 MP: 1/1
   217 | D:1      | Reached XP level 2. HP: 23/27 MP: 2/2
   540 | D:1      | Reached XP level 3. HP: 21/33 MP: 3/3
  1116 | D:2      | Noticed Terence
  1137 | D:2      | Killed Terence
  1137 | D:2      | Reached skill level 1 in Armour
  1137 | D:2      | Reached XP level 4. HP: 9/41 MP: 4/4
  1459 | D:2      | Reached skill level 5 in Axes
  2251 | D:2      | Found an opulent altar of Gozag.
  2251 | D:2      | Found a glowing golden altar of the Shining One.
  2394 | D:2      | Found an ornate altar of the Wu Jian Council.
  2714 | D:3      | Reached XP level 5. HP: 47/47 MP: 5/5
  2752 | D:3      | Found a stormy altar of Qazlal.
  2909 | D:3      | Reached skill level 5 in Fighting
  2929 | D:3      | Slain by an orc

Skill      XL: |  1  2  3  4  5 |
---------------+----------------+-----
Fighting       | 4 5 |  5.0
Stealth        | 2 |  2.0
Armour         | 1 2 |  2.2
Axes           | 5 |  5.5
Dodging        | |  2.7

Action                   |  1- 3 |  4- 6 || total
-------------------------+-------+-------++-------
Melee: Hand axe          |   131 |   167 ||   298
 Stab: Sleeping          |     2 |     2 ||     4
  Eat: Chunk             |       |     2 ||     2
       Ration            |       |     1 ||     1
Armor: Robe              |     8 |       ||     8
       Leather armour    |    33 |    49 ||    82
Dodge: Dodged            |   103 |    98 ||   201
